 Dungeon Crawl Stone Soup version 0.23-a0-398-g8eab93f (webtiles) character file.

345 abarbat the Sneak (level 6, -3/43 HPs)
             Began as an Octopode Assassin on Nov 3, 2018.
             Splashed by Pikel's acid (7 damage)
             ... on level 4 of the Dungeon.
             The game lasted 00:10:06 (3986 turns).

abarbat the Sneak (Octopode Assassin)               Turns: 3986, Time: 00:10:07

Health: -3/43      AC: -3    Str: 11    XL:     6   Next: 58%
Magic:  6/6        EV: 14    Int: 13    God:
Gold:   213        SH:  0    Dex: 15    Spells: 5/5 levels left

rFire    . . .     SeeInvis .   b - +0 blowgun
rCold    . . .     Gourm    .   (no shield)
rNeg     . . .     Faith    .   (helmet restricted)
rPois    .         Spirit   .   (no amulet)
rElec    .         Reflect  .   (no ring)
rCorr    .         Harm     .   (no ring)
MR       .....                  (no ring)
Stlth    +++++.....             (no ring)
HPRegen  0.14/turn              (no ring)
MPRegen  0.10/turn              (no ring)
                                (no ring)
                                (no ring)

@: corroded
A: almost no armour, stealthy swim, amphibious, 8 rings, constrict 8, camouflage
1, gelatinous body 1
a: no special abilities


You were on level 4 of the Dungeon.
You were not hungry.

You visited 1 branch of the dungeon, and saw 4 of its levels.

You collected 213 gold pieces.

Inventory:

Hand Weapons
 a - a +2 dagger
 b - a +0 blowgun (weapon)
Missiles
 c - a poisoned needle (quivered)
Wands
 u - a wand of flame (15)
 x - a wand of polymorph (4)
Scrolls
 e - 2 scrolls of amnesia {unknown}
 g - a scroll of remove curse {unknown}
 h - 2 scrolls of teleportation {unknown}
 i - 2 scrolls of fear {unknown}
 j - 2 scrolls of identify {unknown}
 l - a scroll of magic mapping {unknown}
 o - a scroll of noise {unknown}
 q - a scroll of blinking {unknown}
 t - a scroll of enchant weapon {unknown}
 v - a scroll of enchant armour {unknown}
Potions
 k - 2 potions of might {unknown}
 m - a potion of lignification {unknown}
 n - 2 potions of curing {unknown}
 p - 2 potions of heal wounds {unknown}
 r - a potion of degeneration {unknown}
 s - a potion of brilliance {unknown}
Comestibles
 f - 8 rations


   Skills:
 + Level 4.2 Fighting
 - Level 2.7 Short Blades
 - Level 2.8 Throwing
 - Level 2.1 Dodging
 + Level 7.7 Stealth


You had 5 spell levels left.
You didn't know any spells.
Your spell library was empty.

Dungeon Overview and Level Annotations

Branches:
Dungeon (4/15)
 Temple: D:4-7

Altars:
Elyvilon
Gozag
Vehumet

Annotations:
D:4 Pikel


Innate Abilities, Weirdness & Mutations

You cannot wear most types of armour.
You are very stealthy in the water. (Stealth+)
You are amphibious.
You can wear up to eight rings at the same time.
You can use your tentacles to constrict eight enemies at once.
Your skin changes colour to match your surroundings (Stealth+).
Your rubbery body absorbs attacks. (AC +1, EV +1)


Message History

Press: ? - help, Shift-Dir - straight line, f/p - Pikel
Aim: Pikel, wielding a +0 whip of flaming, wearing a +0 robe and carrying a You shoot a curare-tipped needle.
The curare-tipped needle closely misses Pikel.
Firing (i - inventory) No suitable missiles.
Press: ? - help, Shift-Dir - straight line, f/p - Pikel
Aim: Pikel, wielding a +0 whip of flaming, wearing a +0 robe and carrying a
Okay, then.
Firing (i - inventory) No suitable missiles.
Press: ? - help, Shift-Dir - straight line, f/p - Pikel
Aim: Pikel, wielding a +0 whip of flaming, wearing a +0 robe and carrying a
Okay, then.
You see here a poisoned needle.
c - a poisoned needle Pikel zaps a wand.
The bolt of acid hits you!
You are splashed with acid!
The acid burns!
Pikel zaps a wand.
The bolt of acid hits you!
* * * LOW HITPOINT WARNING * * *
The acid corrodes you!
You are splashed with acid!
The acid burns!
You die...

...##.........#####..#.....##
...###........# ##.......(..#
.....##.......###............
.........##......p[#.........
.####.#..###.......##........
.. ####...........##p.......
... #...<..#.(...#.........
.... ##....#†.....K.(#......
.... #..##....(@.....#.>##.#
.. ..... #.###..(........# #
.. ..... ..............#.# ..
...#. ...#.#..#.......# ...#
.####...###.##.#.. #. . .....
#....#.. #. ...... .....
.)..... ....


You could see Pikel and 2 slaves.

Vanquished Creatures
  A scorpion (D:4)
  An iguana (D:4)
  Natasha (thrice) (D:3)
  An orc wizard (D:2)
  4 gnolls
  6 adders
  An adder skeleton (D:4)
  2 worms (D:2)
  2 dart slugs (D:1)
  3 leopard geckos
  5 orcs
  2 ball pythons
  A giant cockroach (D:2)
  3 goblins
  7 hobgoblins
  2 jackals (D:3)
  4 kobolds
  A quokka (D:2)
  5 bats
  4 frilled lizards
  9 rats
67 creatures vanquished.

Vanquished Creatures (others)
  An orc (D:3)
  A hobgoblin (D:3)
  A rat (D:3)
3 creatures vanquished.

Grand Total: 70 creatures vanquished

Notes
Turn   | Place    | Note
-------+----------+-------------------------------------------
     0 | D:1      | abarbat the Octopode Assassin began the quest for the Orb.
     0 | D:1      | Reached XP level 1. HP: 14/14 MP: 1/1
   365 | D:1      | Reached XP level 2. HP: 19/19 MP: 2/2
  1055 | D:2      | Reached XP level 3. HP: 20/24 MP: 3/3
  1756 | D:2      | Reached XP level 4. HP: 30/30 MP: 4/4
  1960 | D:3      | Noticed Natasha
  1963 | D:3      | Killed Natasha
  1963 | D:3      | Reached skill level 6 in Stealth
  2070 | D:3      | Reached XP level 5. HP: 34/36 MP: 5/5
  2729 | D:3      | Noticed Natasha
  2738 | D:3      | Killed Natasha
  2869 | D:3      | Found an opulent altar of Gozag.
  3046 | D:3      | Reached skill level 7 in Stealth
  3046 | D:3      | Reached XP level 6. HP: 35/43 MP: 6/6
  3075 | D:3      | Noticed Natasha
  3085 | D:3      | Killed Natasha
  3293 | D:3      | Found a radiant altar of Vehumet.
  3471 | D:3      | Found a white marble altar of Elyvilon.
  3781 | D:4      | Noticed a slave
  3781 | D:4      | Noticed a slave
  3782 | D:4      | Noticed Pikel
  3782 | D:4      | Noticed a slave
  3782 | D:4      | Noticed a slave
  3986 | D:4      | Splashed by Pikel's acid

Vault maps used:
D:1:      ncdulo_lavacross
D:3:      elyvilon_altar_4, vehumet_crystals,
          nicolae_gozag_cash_rules_everything_around_me, uniq_natasha
D:4:      grunt_temple_overflow_diamond, makhleb_blood_cavern_becter,
          first_ration, uniq_pikel

Skill      XL: |  1  2  3  4  5  6 |
---------------+-------------------+-----
Dodging        | 2 |  2.1
Stealth        | 6 7 |  7.7
Fighting       | 3 4 |  4.2
Short Blades   | |  2.7
Throwing       | |  2.8

Action                   |  1- 3 |  4- 6 || total
-------------------------+-------+-------++-------
Melee: Dagger            |    47 |    91 ||   138
       Constrict         |    13 |    18 ||    31
       Tentacles         |     5 |    12 ||    17
 Fire: Blowgun           |    34 |     9 ||    43
 Stab: Sleeping          |     7 |    13 ||    20
  Eat: Chunk             |     2 |     7 ||     9
Armor: Skin              |     2 |     2 ||     4
Dodge: Dodged            |    22 |    37 ||    59

Table legend:
 A = Non-vault XP
 B = Vault XP
 C = Vault XP percentage of total XP
 D = Non-vault monster count
 E = Vault monster count
 F = Vault count percentage of total count
                 A         B        C        D         E       F
            +---------+---------+-------+---------+---------+-------
      Total |     457 |      36 |   7.3 |      66 |       1 |   1.5
            +---------+---------+-------+---------+---------+-------
        D:1 |      27 |       0 |   0.0 |      13 |       0 |   0.0
        D:2 |     116 |       0 |   0.0 |      28 |       0 |   0.0
        D:3 |     184 |      36 |  16.4 |      19 |       1 |   5.0
        D:4 |     130 |       0 |   0.0 |       6 |       0 |   0.0
            +---------+---------+-------+---------+---------+-------
